 Dungeon Crawl Stone Soup version 0.25-a0-558-g78a2afb0af (webtiles) character file.

Game seed: 8378753631244405283, levelgen mode: classic

663 EnegeticOcto the Chopper (level 7, -4/66 HPs)
             Began as a Deep Dwarf Fighter on Feb 24, 2020.
             Slain by an ogre
             ... wielding a +0 giant spiked club
              (24 damage)
             ... on level 5 of the Dungeon.
             The game lasted 00:01:45 (1968 turns).

EnegeticOcto the Chopper (Deep Dwarf Fighter)       Turns: 1968, Time: 00:01:46

Health: -4/66      AC:  8    Str: 21    XL:     7   Next: 31%
Magic:  7/7        EV:  9    Int:  9    God:
Gold:   182        SH: 10    Dex: 12    Spells: 6/6 levels left

rFire    . . .     SeeInvis .   a - +0 war axe
rCold    . . .     Gourm    .   c - +0 kite shield
rNeg     . . .     Faith    .   b - +0 scale mail
rPois    .         Spirit   .   (no helmet)
rElec    .         Reflect  .   u - scarf {cloud immunity}
rCorr    .         Harm     .   x - +0 pair of gloves
MR       +....                  (no boots)
Stlth    ..........             (no amulet)
HPRegen  0.00/turn              (no ring)
MPRegen  0.10/turn              (no ring)

@: non-regenerating
A: damage resistance, heal wounds, sense surroundings 1, no regeneration
a: Heal Wounds


You were on level 5 of the Dungeon.
You were not hungry.

You visited 1 branch of the dungeon, and saw 5 of its levels.
You also visited: Sewer.

You collected 182 gold pieces.

Inventory:

Hand Weapons
 a - a +0 war axe (weapon)
Armour
 b - a +0 scale mail (worn)
 c - a +0 kite shield (worn)
 u - a scarf of cloud immunity (worn)
 x - a +0 pair of gloves (worn)
Wands
 r - a wand of flame (26)
 t - a wand of scattershot (5)
Scrolls
 f - 6 scrolls of teleportation {@r2}
 g - 2 scrolls of magic mapping {unknown}
 i - a scroll of noise {unknown}
 l - 4 scrolls of enchant weapon {unknown}
 o - a scroll of random uselessness {unknown}
 p - 3 scrolls of identify {unknown}
 v - a scroll of immolation {unknown}
Potions
 d - a potion of haste {unknown}
 h - a potion of lignification {unknown}
 j - 2 potions of degeneration {unknown}
 k - 2 potions of might {@q3}
 m - 4 potions of flight
 n - 2 potions of curing {unknown}
 q - a potion of heal wounds {unknown}
 s - a potion of brilliance {unknown}
 w - a potion of ambrosia {unknown}
Comestibles
 e - 7 rations


   Skills:
 * Level 4.7 Fighting
 * Level 5.1 Axes
 + Level 4.6 Armour
 + Level 2.9 Dodging
 + Level 4.6 Shields


You had 6 spell levels left.
You didn't know any spells.
Your spell library was empty.

Dungeon Overview and Level Annotations

Branches:
Dungeon (5/15)              Sewer (visited)
 Temple: D:4-7

Altars:
Cheibriados

Annotations:
D:3 2 transporters, Error4North's ghost, amateur HOFi


Innate Abilities, Weirdness & Mutations

You are resistant to damage.
You can heal yourself by infusing magical energy.
You passively map a small area around you.
You do not regenerate.


Message History

You feel much better.
You block the killer bee zombie's attack.
The killer bee zombie closely misses you.
You closely miss the killer bee zombie.
The killer bee zombie is heavily damaged.
You hit the hippogriff.
You block the killer bee zombie's attack.
The killer bee zombie hits you but does no damage.
The hippogriff bites you but does no damage.
The hippogriff pecks you but does no damage.
The hippogriff claws you but does no damage.
The killer bee zombie barely misses you.
You slash the killer bee zombie!
The killer bee zombie is severely damaged.
You hit the hippogriff. The killer bee zombie hits you.
The hippogriff barely misses you. The hippogriff pecks you.
The hippogriff barely misses you.
The killer bee zombie hits you but does no damage.
You closely miss the killer bee zombie.
The killer bee zombie is severely damaged.
You hit the hippogriff. The killer bee zombie hits you.
You block the hippogriff's attack.
The hippogriff pecks you but does no damage.
You block the hippogriff's attack. The killer bee zombie hits you.
You block the hippogriff's attack. The hippogriff closely misses you.
The hippogriff claws you.
You barely miss the killer bee zombie.
The killer bee zombie is severely damaged.
You hit the hippogriff.
The killer bee zombie closely misses you.
The killer bee zombie hits you. The hippogriff bites you.
You block the hippogriff's attack.
The hippogriff claws you but does no damage.
An ogre comes into view. It is wielding a +0 giant spiked club.
You closely miss the killer bee zombie.
The killer bee zombie is severely damaged.
The ogre shouts!
You hit the hippogriff.
You block the killer bee zombie's attack.
The killer bee zombie hits you. The hippogriff bites you.
The hippogriff pecks you!
The hippogriff claws you but does no damage.
The killer bee zombie hits you but does no damage.
You hit the killer bee zombie.
The killer bee zombie is almost destroyed.
You barely miss the hippogriff.
You block the killer bee zombie's attack.
The hippogriff bites you. You block the hippogriff's attack.
The hippogriff claws you but does no damage.
The killer bee zombie barely misses you.
The hippogriff bites you. The hippogriff barely misses you.
You block the hippogriff's attack.
Your shield and scale mail prevent you from hitting the killer bee zombie.
The killer bee zombie is almost destroyed.
You slash the hippogriff!
The killer bee zombie barely misses you.
The killer bee zombie hits you but does no damage.
The hippogriff closely misses you. The hippogriff pecks you.
The hippogriff claws you but does no damage.
The killer bee zombie hits you.
You closely miss the killer bee zombie.
The killer bee zombie is almost destroyed.
You hit the hippogriff.
You block the killer bee zombie's attack.
The hippogriff bites you.
The hippogriff pecks you but does no damage.
You block the hippogriff's attack.
The killer bee zombie hits you but does no damage.
You closely miss the killer bee zombie.
The killer bee zombie is almost destroyed.
You hit the hippogriff.
You block the killer bee zombie's attack.
The hippogriff barely misses you. The hippogriff completely misses you.
You block the hippogriff's attack.
You block the killer bee zombie's attack.
The ogre closely misses you. The hippogriff bites you.
The hippogriff pecks you but does no damage.
The hippogriff claws you but does no damage.
You slash the killer bee zombie!
You destroy the killer bee zombie!
You slash the hippogriff! You hit the ogre. You block the hippogriff's attack.
The hippogriff pecks you. The hippogriff claws you.
The ogre hits you with a +0 giant spiked club!!
* * * LOW HITPOINT WARNING * * *
You are too injured to fight recklessly!
You are too injured to fight recklessly!
You are too injured to fight recklessly!
You are too injured to fight recklessly!
You are too injured to fight recklessly!
You are too injured to fight recklessly!
You are too injured to fight recklessly!
You are too injured to fight recklessly!
You are too injured to fight recklessly!
You are too injured to fight recklessly!
You feel much better. The hippogriff barely misses you.
The hippogriff pecks you but does no damage.
The hippogriff claws you but does no damage.
You fail to use your ability.
The ogre hits you with a +0 giant spiked club!!
You die...

, , , , ,
,..#......#
........##### , , #
............ *
###,#.............
....#.#....#......
,
.......^..........
......#.##H.....##*
*
.........O@.......
*
.......#..#.......,
.......+†<........
,
.......#.###+#....
, .......#.###.#
... #####........#,
.. #........# ,. ,
,, #.<.........
#.......##.. , ,


You could see a hippogriff and an ogre.

Vanquished Creatures
  2 ogres (D:4)
  A scorpion (D:4)
  A howler monkey (D:5)
  An orc priest (D:4)
  An iguana (D:5)
  A merfolk avatar (Sewer)
  2 orc wizards
  A merfolk siren (Sewer)
  A worker ant (D:4)
  A killer bee zombie (D:5)
  3 gnolls (D:4)
  5 adders
  A river rat (Sewer)
  A worm (D:3)
  2 dart slugs
  9 leopard geckos
  11 orcs
  8 bats
  8 giant cockroaches
  3 goblins
  7 hobgoblins
  A jackal (D:4)
  2 kobolds (D:3)
  4 quokkas
  4 ball pythons
  8 frilled lizards
  28 rats
117 creatures vanquished.

Notes
Turn   | Place    | Note
-------+----------+-------------------------------------------
     0 | D:1      | EnegeticOcto the Deep Dwarf Fighter began the quest for the
                  | Orb.
     0 | D:1      | Reached XP level 1. HP: 20/20 MP: 1/1
    96 | D:1      | Reached XP level 2. HP: 27/27 MP: 2/2
   206 | D:3      | Reached XP level 3. HP: 29/34 MP: 3/3
   265 | D:3      | Found a transporter.
   267 | D:3      | Found a transporter.
   267 | D:3      | Noticed Error4North's ghost (amateur HOFi)
   411 | D:3      | Reached skill level 3 in Axes
   424 | D:3      | Found a glowing drain.
   436 | D:3      | Reached skill level 1 in Dodging
   451 | Sewer    | Entered a sewer
   543 | Sewer    | Reached XP level 4. HP: 21/42 MP: 4/4
   706 | Sewer    | Noticed a malarious merfolk avatar
   733 | Sewer    | Killed a malarious merfolk avatar
   733 | Sewer    | Reached XP level 5. HP: 43/50 MP: 5/5
  1321 | D:4      | Noticed an ogre
  1331 | D:4      | Killed an ogre
  1331 | D:4      | Reached skill level 4 in Axes
  1331 | D:4      | Reached XP level 6. HP: 27/57 MP: 6/6
  1556 | D:4      | Found a snail-covered altar of Cheibriados.
  1650 | D:4      | Reached XP level 7. HP: 28/66 MP: 7/7
  1940 | D:5      | Entered Level 5 of the Dungeon
  1947 | D:5      | Reached skill level 5 in Axes
  1952 | D:5      | Noticed a hippogriff
  1968 | D:5      | Slain by an ogre

Levels and vault maps discovered:
D:1:      ncdulo_watergridlock, layout_rooms, minmay_octomino_j4
D:2:      lemuel_upstairs_altar, layout_basic, first_ration
D:3:      layout_rooms, gup_sewer_entry_pipe, gammafunk_ghost_mausoleum
D:4:      layout_cave_pods, cheibriados_altar_1, minmay_circle_x
D:5:      layout_basic, uniq_crazy_yiuf_cottage

Skill      XL: |  1  2  3  4  5  6  7 |
---------------+----------------------+-----
Fighting       | 3 4 |  4.7
Axes           | 3 4 5 |  5.1
Dodging        | 1 2 |  2.9
Shields        | 4 |  4.6
Armour         | 4 |  4.6

Action                   |  1- 3 |  4- 6 |  7- 9 || total
-------------------------+-------+-------+-------++-------
Melee: War axe           |   131 |   192 |    45 ||   368
 Abil: Heal Wounds       |       |     4 |     3 ||     7
  Use: Potion            |       |     1 |       ||     1
  Eat: Chunk             |       |     4 |     1 ||     5
Armor: Scale mail        |    68 |    97 |    27 ||   192
Dodge: Dodged            |    39 |    64 |    24 ||   127
Block: Kite shield       |    82 |    90 |    30 ||   202

Table legend:
 A = Non-vault XP
 B = Vault XP
 C = Vault XP percentage of total XP
 D = Non-vault monster count
 E = Vault monster count
 F = Vault count percentage of total count
                 A         B        C        D         E       F
            +---------+---------+-------+---------+---------+-------
      Total |     661 |     287 |  30.3 |      68 |      49 |  41.9
            +---------+---------+-------+---------+---------+-------
        D:1 |      14 |       0 |   0.0 |       8 |       0 |   0.0
        D:2 |      18 |       0 |   0.0 |       3 |       0 |   0.0
        D:3 |     103 |      15 |  12.7 |      33 |       6 |  15.4
        D:4 |     408 |     136 |  25.0 |      21 |       3 |  12.5
        D:5 |     118 |       0 |   0.0 |       3 |       0 |   0.0
      Sewer |       0 |     136 | 100.0 |       0 |      40 | 100.0
            +---------+---------+-------+---------+---------+-------
